 Dungeon Crawl Stone Soup version 0.29.1-15-g9cfb28693d (webtiles) character file.

Game seed: 7005499356220966161

434 Mysteryquy the Covered (level 7, -8/44 HPs)
             Began as a Gargoyle Fighter on May 2, 2023.
             Mangled by an ice beast (14 damage)
             ... on level 5 of the Dungeon.
             The game lasted 00:07:37 (4806 turns).

Mysteryquy the Covered (Gargoyle Fighter)           Turns: 4806, Time: 00:07:37

Health: -8/44      AC: 14    Str: 21    XL:     7   Next: 0%
Magic:  7/7        EV: 10    Int:  9    God:
Gold:   252        SH:  4    Dex:  9    Spells: 6/6 levels left

rFire   . . .      SeeInvis .   a - +0 flail
rCold   . . .      Faith    .   c - +0 buckler
rNeg    + . .      Spirit   .   b - +0 scale mail
rPois   ∞          Reflect  .   (no helmet)
rElec   +          Harm     .   (no cloak)
rCorr   .          Rampage  .   p - +1 pair of gloves
Will    .....                   (no boots)
Stlth   ..........              (no amulet)
HPRegen 0.14/turn               (no ring)
MPRegen 0.10/turn               (no ring)

@: no status effects
A: sickness immunity, AC +4, negative energy resistance 1, electricity
resistance, torment resistance 1, petrification resistance
a: no special abilities


You were on level 5 of the Dungeon.
You visited 1 branch of the dungeon, and saw 5 of its levels.

You collected 292 gold pieces.
You spent 40 gold pieces at shops.

Inventory:

Hand Weapons
 a - a +0 flail (weapon)
Armour
 b - a +0 scale mail (worn)
 c - a +0 buckler (worn)
 p - a +1 pair of gloves (worn)
Jewellery
 r - a ring of see invisible
Scrolls
 e - 3 scrolls of teleportation {unknown}
 j - a scroll of torment {unknown}
 k - a scroll of butterflies {unknown}
 l - 2 scrolls of acquirement {unknown}
 m - 2 scrolls of fear {unknown}
 o - 2 scrolls of identify {unknown}
 v - a scroll of summoning {unknown}
 w - a scroll of brand weapon {unknown}
Potions
 d - a potion of might
 f - 3 potions of lignification {unknown}
 g - a potion of ambrosia {unknown}
 h - a potion of brilliance {unknown}
 i - 2 potions of heal wounds {unknown}
 n - 5 potions of degeneration
 q - a potion of flight {unknown}
 s - 2 potions of haste {unknown}
 t - a potion of magic {unknown}
 u - 2 potions of curing


   Skills:
 + Level 4.3 Fighting
 + Level 4.6 Maces & Flails
 + Level 4.6 Armour
 + Level 2.0 Dodging
 + Level 4.2 Shields


You had 6 spell levels left.
You didn't know any spells.
Your spell library contained the following spells:

 Spells                   Type           Power      Damage    Failure   Level
 Apportation              Tloc           0%         N/A       80%         1
 Alistair's Intoxication  Tmut/Pois      0%         N/A       100%        5


Dungeon Overview and Level Annotations

Branches:
Dungeon (5/15)
 Temple: D:4-7

Altars:
Gozag
Qazlal
Sif Muna

Shops:
D:2 =   D:3 *


Innate Abilities, Weirdness & Mutations

You are immune to sickness and miasma.
Your stone body is resilient. (AC +4)
You are immune to poison.
You resist negative energy. (rN+)
You are resistant to electric shocks. (rElec)
You are resistant to unholy torment.
You are immune to petrification.


Message History

You block the ice beast's attack.
You closely miss the ice beast.
The ice beast is almost dead.
You block the ice beast's attack.
You barely miss the ice beast.
The ice beast is almost dead.
The ice beast hits you but does no damage.
You barely miss the ice beast.
The ice beast is almost dead.
The ice beast barely misses you.
You hit the ice beast.
The ice beast is almost dead.
The ice beast hits you but does no damage.
You block the ice beast's attack.
You hit the ice beast.
The ice beast is almost dead.
The ice beast hits you but does no damage.
You hit the ice beast but do no damage.
The ice beast is almost dead.
The ice beast closely misses you.
You closely miss the ice beast.
The ice beast is almost dead.
The ice beast hits you but does no damage.
You closely miss the ice beast.
The ice beast is almost dead.
The ice beast hits you but does no damage.
You barely miss the ice beast.
The ice beast is almost dead.
The ice beast hits you. The ice beast freezes you! The ice beast hits you.
The ice beast freezes you!
* * * LOW HITPOINT WARNING * * *
You hit the ice beast but do no damage.
The ice beast is almost dead.
The ice beast misses you.
You barely miss the ice beast.
The ice beast is almost dead.
The ice beast hits you.
* * * LOW HITPOINT WARNING * * *
The ice beast freezes you!
You die...

..........
...§.....#
≈§≈≈§≈§..#
...§§§$..#
≈.≈§≈§≈..#
≈..§§§≈..#
≈§._..≈?.#
≈§....≈..#
≈.§≈≈.≈.@#
..§.§§§Y.#
≈≈≈≈§≈§..#
.$..§.§.##
######...
...# ##.#.
#. #


You could see an ice beast.

Vanquished Creatures
  A phantom (D:4)
  A howler monkey (D:4)
  A hound (D:3)
  An orc priest (D:4)
  Terence (D:3)
  Jessica (D:3)
  2 iguanas (D:4)
  An orc wizard (D:4)
  3 adders
  An ufetubus (D:4)
  3 worms (D:2)
  2 dart slugs
  3 orcs (D:4)
  10 ball pythons
  10 bats
  7 endoplasms
  3 giant cockroaches
  8 goblins
  5 hobgoblins
  4 jackals (D:3)
  4 quokkas
  6 frilled lizards
  10 kobolds
  A rat (D:1)
89 creatures vanquished.

Vanquished Creatures (others)
  3 plants (D:5)
  A withered plant (D:5)
4 creatures vanquished.

Grand Total: 93 creatures vanquished

Notes
Turn   | Place    | Note
-------+----------+-------------------------------------------
     0 | D:1      | Mysteryquy the Gargoyle Fighter began the quest for the
                  | Orb.
     0 | D:1      | Reached XP level 1. HP: 14/14 MP: 1/1
   228 | D:1      | Reached XP level 2. HP: 15/19 MP: 2/2
   477 | D:1      | Found a faded altar of an unknown god.
   815 | D:1      | Reached XP level 3. HP: 23/23 MP: 3/3
  1416 | D:2      | Found Bosonw Iliq's Jewellery Shoppe.
  1860 | D:2      | Reached XP level 4. HP: 25/29 MP: 4/4
  2327 | D:3      | Reached skill level 1 in Dodging
  2379 | D:3      | Noticed Terence
  2392 | D:3      | Killed Terence
  2686 | D:3      | Reached XP level 5. HP: 29/33 MP: 5/5
  2747 | D:3      | Noticed Jessica
  2760 | D:3      | Killed Jessica
  2909 | D:3      | Found Melustrai's General Store.
  2951 | D:3      | Bought a potion of curing for 30 gold pieces
  2951 | D:3      | Bought a potion of degeneration for 10 gold pieces
  3405 | D:4      | Noticed a phantom
  3423 | D:4      | Killed a phantom
  3424 | D:4      | Reached XP level 6. HP: 34/38 MP: 6/6
  3860 | D:4      | Found an opulent altar of Gozag.
  4091 | D:4      | Found a shimmering blue altar of Sif Muna.
  4656 | D:5      | Entered Level 5 of the Dungeon
  4656 | D:5      | Found a stormy altar of Qazlal.
  4664 | D:5      | Noticed an ice beast
  4696 | D:4      | Reached XP level 7. HP: 32/44 MP: 7/7
  4806 | D:5      | Mangled by an ice beast

Illustrated notes

Levels and vault maps discovered:
D:1:      minmay_arrival_three_doors, layout_loops_ring,
          ebering_ecumenical_altar_abandoned
D:2:      layout_basic, serial_curves, eino_curves_02, eino_curves_03,
          serial_shops, nicolae_square_shop
D:3:      layout_loops_corners, serial_shops, shop_coins,
          nicolae_elevator_lobby_plus, uniq_terence, uniq_jessica
D:4:      layout_gridville, mainiacjoe_overflow_alcove_2, lemuel_tele_altar,
          nicolae_eternal_life, minivault_14, chequers_serial_rivers_micro_c
D:5:      layout_loops_ring, mainiacjoe_overflow_cross_hatched,
          grunt_temple_overflow_growth_and_decay,
          chequers_temple_overflow_minitemple, lemuel_round_altar, serial_shops,
          nicolae_shop_bloodbath_and_beyond, uniq_grinder

Skill      XL: |  1  2  3  4  5  6 |
---------------+-------------------+-----
Dodging        | 1 2 |  2.0
Armour         | 4 |  4.6
Maces & Flails | 3 4 |  4.6
Shields        | 4 |  4.2
Fighting       | 4 |  4.3

Action                   |  1- 3 |  4- 6 |  7- 9 || total
-------------------------+-------+-------+-------++-------
Melee: Flail             |   120 |   251 |    23 ||   394
Armor: Scale mail        |    65 |   201 |    11 ||   277
Dodge: Dodged            |    39 |   153 |    10 ||   202
Block: Buckler           |    21 |    79 |     4 ||   104
